 Dungeon Crawl Stone Soup version 0.27.1 (webtiles) character file.

Game seed: 2400525151435206597

358 sizableburger the Bolt Thrower (level 6, -1/51 HPs)
             Began as a Palentonga Hunter on Aug 25, 2021.
             Was an Initiate of Elyvilon.
             Slain by an ogre (28 damage)
             ... on level 4 of the Dungeon.
             The game lasted 00:07:26 (5126 turns).

sizableburger the Bolt Thrower (Palentonga Hunter)  Turns: 5126, Time: 00:07:26

Health: -1/51      AC:  6    Str: 16    XL:     6   Next: 37%
Magic:  6/6        EV:  9    Int: 11    God:    Elyvilon [......]
Gold:   131        SH:  0    Dex: 12    Spells: 5/5 levels left

rFire    . . .     SeeInvis +   e - +2 whip (elec)
rCold    . . .     Faith    .   (no shield)
rNeg     . . .     Spirit   .   c - +0 leather armour
rPois    .         Reflect  .   (no helmet)
rElec    .         Harm     .   j - +0 cloak
rCorr    .         Rampage  .   b - +0 pair of gloves
Will     .....                  (no barding)
Stlth    +.........             (no amulet)
HPRegen  0.17/turn              (no ring)
MPRegen  0.10/turn              (no ring)

@: no status effects
A: large, rugged brown scales 3, see invisible, deformed body, roll 1, armoured
tail
a: Rolling Charge, Renounce Religion


You were on level 4 of the Dungeon.
You worshipped Elyvilon.
Elyvilon was noncommittal.
You visited 1 branch of the dungeon, and saw 4 of its levels.

You collected 131 gold pieces.

Inventory:

Hand Weapons
 a - a +2 hand crossbow
 e - a +2 whip of electrocution (weapon)
 k - a +1 vorpal mace
Missiles
 d - 47 bolts
 i - 34 poisoned darts (quivered)
Armour
 b - a +0 pair of gloves (worn)
 c - a +0 leather armour (worn)
 j - a +0 cloak (worn)
Potions
 f - a potion of curing
 g - a potion of mutation {unknown}
 l - a potion of attraction {unknown}


   Skills:
 + Level 4.2 Fighting
 - Level 1.0 Short Blades
 + Level 3.2 Maces & Flails
 + Level 4.5 Crossbows
 - Level 1.5 Dodging
 - Level 0.5 Stealth


You had 5 spell levels left.
You didn't know any spells.
Your spell library contained the following spells:

 Spells                   Type           Power      Damage    Failure   Level
 Magic Dart               Conj           0%         1d3       41%         1
 Call Imp                 Summ           0%         N/A       54%         2
 Gell's Gravitas          Tloc           0%         N/A       78%         3
 Lesser Beckoning         Tloc           0%         N/A       78%         3
 Mephitic Cloud           Conj/Pois/Air  0%         N/A       78%         3
 Teleport Other           Tloc           0%         N/A       78%         3


Dungeon Overview and Level Annotations

Branches:
Dungeon (4/15)
 Temple: D:4-7

Altars:
Elyvilon


Innate Abilities, Weirdness & Mutations

You are completely covered in rugged brown scales. (AC +3, +7% HP)
You have supernaturally acute eyesight. (SInv)
Armour fits poorly on your strangely shaped body.
You can roll at nearby foes to attack.
You have a long armoured tail.


Message History

The giant cockroach bites you.
You hit the giant cockroach.
You kill the giant cockroach!
No target in view!
Found 18 stones.
Found a stone staircase leading up.
A kobold comes into view.
It is wielding a +2 whip of electrocution.
a - a +2 hand crossbow (weapon)
You shoot a bolt. The bolt hits the kobold!
You kill the kobold!
A kobold comes into view.
It is wielding a +1 dagger of protection and quivering poisoned darts.
Found an orange potion.
k - a +1 vorpal mace (weapon)
The kobold shouts!
Things that are here:
a bolt; a +2 whip of electrocution
e - a +2 whip of electrocution You hear the crackle of electricity.
e - a +2 whip of electrocution (weapon)
The kobold barely misses you.
You hit the kobold but do no damage. Lightning courses through the kobold!
You kill the kobold!
No target in view!
No target in view!
i - 34 poisoned darts (gained 8)
You see here a +1 dagger of protection.
d - 47 bolts (gained 1)
g - an orange potion An ogre comes into view.
It is wielding a +0 giant spiked club.
The ogre shouts!
An ogre is nearby!
You hit the ogre but do no damage. You tail-slap the ogre.
The ogre is lightly wounded.
You hit the ogre. Lightning courses through the ogre!!
The ogre is almost dead.
The ogre hits you with a +0 giant spiked club!!
You completely miss the ogre.
The ogre is almost dead.
The ogre hits you with a +0 giant spiked club!!
Ouch! That really hurt!
You die...

############# #..........).
#.########### ##### ##...
...# #<.##
#######.######.#######....
.........@...............#
#+###......##O..#.#####...###
...........# ...# #.....###♣♣
...........##...#.#.##..#♣♣..
.......................##♣...
......<....##...#####..#♣....
##.()...# .........##♣....
##......####.#####.#♣.....
...........# #.# #.#♣.....


You could see an ogre.

Vanquished Creatures
  2 ogres
  A water moccasin skeleton (D:4)
  An orc priest (D:3)
  An orc wizard (D:3)
  An adder (D:2)
  2 worms
  A dart slug (D:2)
  An orc (D:3)
  3 ball pythons
  9 endoplasms
  5 giant cockroaches
  8 goblins
  5 hobgoblins
  3 jackals (D:1)
  7 kobolds
  5 quokkas
  5 bats
  5 frilled lizards
  3 rats
68 creatures vanquished.

Notes
Turn   | Place    | Note
-------+----------+-------------------------------------------
     0 | D:1      | sizableburger the Palentonga Hunter began the quest for the
                  | Orb.
     0 | D:1      | Reached XP level 1. HP: 17/17 MP: 1/1
   188 | D:1      | Reached XP level 2. HP: 20/23 MP: 2/2
   411 | D:1      | Reached skill level 1 in Short Blades
  1212 | D:1      | Found a faded altar of an unknown god.
  1266 | D:1      | Reached XP level 3. HP: 24/29 MP: 3/3
  1948 | D:2      | Reached skill level 1 in Maces & Flails
  2201 | D:2      | Noticed an ogre
  2999 | D:2      | Killed an ogre
  3000 | D:2      | Reached XP level 4. HP: 20/37 MP: 4/4
  3000 | D:2      | Reached XP level 5. HP: 24/43 MP: 5/5
  4650 | D:4      | Reached XP level 6. HP: 50/51 MP: 6/6
  5029 | D:4      | Found a white marble altar of Elyvilon.
  5039 | D:4      | Became a worshipper of Elyvilon the Healer
  5126 | D:4      | Slain by an ogre

Illustrated notes

Levels and vault maps discovered:
D:1:      scummos_arrival_simple_fountains, layout_loops_corners,
          shapermc_ecumenical_altar_flowoftime
D:2:      layout_basic, minmay_misc_feat_pillars
D:3:      layout_basic
D:4:      layout_basic, kennysheep_ying_yang, minitemple,
          uniq_crazy_yiuf_cottage

Skill      XL: |  1  2  3  4  5  6 |
---------------+-------------------+-----
Short Blades   | 1 |  1.0
Maces & Flails | 2 3 |  3.2
Fighting       | 3 4 |  4.2
Crossbows      | 4 |  4.5
Dodging        | |  1.5
Stealth        | |  0.5

Action                   |  1- 3 |  4- 6 || total
-------------------------+-------+-------++-------
Melee: Short sword       |    36 |       ||    36
       Tailslap          |    15 |     9 ||    24
       Whip              |    58 |     4 ||    62
       Spear             |    12 |       ||    12
       Mace              |    32 |    60 ||    92
 Fire: Hand crossbow     |     9 |     8 ||    17
 Abil: Rolling Charge    |     3 |       ||     3
  Use: Scroll            |     1 |     3 ||     4
 Stab: Sleeping          |       |     1 ||     1
Armor: Leather armour    |    58 |    24 ||    82
Dodge: Dodged            |    52 |    25 ||    77
